 Dungeon Crawl Stone Soup version 0.29.1-2-gbd0b4ee654 (webtiles) character file.

Game seed: 11724234899293641092

3577 Icepheonix32 the Ruffian (level 9, -4/80 HPs)
             Began as a Demigod Transmuter on Nov 7, 2022.
             Slain by a two-headed ogre
             ... wielding a +0 giant club
              (13 damage)
             ... on level 9 of the Dungeon.
             The game lasted 00:23:52 (8857 turns).

Icepheonix32 the Ruffian (Demigod Transmuter)       Turns: 8857, Time: 00:23:52

Health: -4/80      AC: 11    Str: 17    XL:     9   Next: 54%
Magic:  18/18      EV: 11    Int: 22    God:
Gold:   156        SH:  5    Dex: 17    Spells: 1/16 levels left

rFire   x x .      SeeInvis .     - Unarmed
rCold   + + +      Faith    .   (shield currently unavailable)
rNeg    . . .      Spirit   .   (body armour currently unavailable)
rPois   +          Reflect  +   (helmet currently unavailable)
rElec   .          Harm     .   (cloak currently unavailable)
rCorr   +          Rampage  .   (gloves currently unavailable)
Will    .....                   (boots currently unavailable)
Stlth   ++........              C - amulet of reflection
HPRegen 0.23/turn               y - ring of ice
MPRegen 0.16/turn               B - ring of resist corrosion

@: ice-form, wereblooded
A: freezing attack, amphibious, boosted hp, large, high MP 1, forlorn, divine
attributes, agile 1, clever 1
a: End Transformation


You were on level 9 of the Dungeon.
You were a creature of crystalline ice.
You visited 1 branch of the dungeon, and saw 9 of its levels.

You collected 481 gold pieces.
You spent 325 gold pieces at shops.

Inventory:

Hand Weapons
 E - the +9 mace of Yhaatuo (melded) {protect, rC- rN+++ Int+7}
   (You found it on level 7 of the Dungeon)

   It grants its wielder temporary protection when it strikes (+7 to AC).
   Int:       It affects your intelligence (+7).
   rC:        It makes you vulnerable to cold.
   rN:        It renders you almost immune to negative energy.
Missiles
 o - 6 curare-tipped darts
 A - 2 silver boomerangs
Armour
 f - an orb of mayhem
 l - a +0 leather armour
 m - a +1 pair of gloves (melded)
 x - a +1 robe of willpower
 I - +0 acid dragon scales (melded)
Magical Staves
 g - a staff of cold
Jewellery
 j - an amulet of the acrobat
 y - a ring of ice (left front paw)
 B - a ring of resist corrosion (right front paw)
 C - an amulet of reflection (around neck)
 F - a ring of magical power
Wands
 s - a wand of iceblast (4)
 u - a wand of charming (2)
 H - a wand of flame (16)
Scrolls
 c - 2 scrolls of vulnerability {unknown}
 n - 4 scrolls of teleportation
 p - a scroll of brand weapon
 r - 2 scrolls of amnesia
 z - 2 scrolls of noise {unknown}
 D - 2 scrolls of magic mapping
 G - 2 scrolls of identify
 J - a scroll of enchant weapon {unknown}
Potions
 a - a potion of cancellation
 b - a potion of haste
 d - 4 potions of flight
 e - 3 potions of might
 h - a potion of curing
 i - 2 potions of resistance
 k - a potion of invisibility
 q - 2 potions of lignification
 t - 3 potions of brilliance
 v - a potion of ambrosia
 w - a potion of magic {unknown}
 K - a potion of mutation


   Skills:
 + Level 2.1 Fighting
 - Level 0.4 Staves
 + Level 0.1 Throwing
 * Level 4.5 Armour
 + Level 3.5 Dodging
 - Level 0.5 Stealth
 + Level 1.8 Shields
 + Level 6.2 Unarmed Combat
 + Level 4.0 Spellcasting
 * Level 5.5 Transmutations
 * Level 4.7 Ice Magic
 * Level 4.5 Evocations


You had one spell level left.
You knew the following spells:

 Your Spells              Type           Power      Damage    Failure   Level
a - Beastly Appendage     Tmut           58%        N/A       1%          1
b - Wereblood             Tmut           29%        N/A       1%          2
c - Ice Form              Ice/Tmut       40%        N/A       13%         4
d - Blade Hands           Tmut           14%        N/A       30%         5
e - Frozen Ramparts       Ice            76%        1d12      4%          3

Your spell library contained the following spells:

 Spells                   Type           Power      Damage    Failure   Level
 Apportation              Tloc           8%         N/A       11%         1
 Necrotise                Necr           16%        1d4       11%         1
 Slow                     Hex            16%        N/A       11%         1
 Summon Small Mammal      Summ           16%        N/A       11%         1
 Ensorcelled Hibernation  Hex/Ice        44%        N/A       6%          2
 Spider Form              Tmut/Pois      16%        N/A       11%         3
 Ignite Poison            Fire/Tmut/Pois 12%        N/A       16%         3
 Call Canine Familiar     Summ           4%         N/A       32%         3
 Confusing Touch          Hex            4%         N/A       32%         3
 Conjure Flame            Conj/Fire      4%         6-21      32%         3
 Portal Projectile        Hex/Tloc       8%         N/A       32%         3
 Tukima's Dance           Hex            4%         N/A       32%         3
 Vampiric Draining        Necr           4%         2d6       32%         3
 Summon Ice Beast         Ice/Summ       22%        N/A       38%         4
 Yara's Violent Unravell  Hex/Tmut       8%         3d5       69%         5
 Anguish                  Hex/Necr       2%         N/A       73%         4
 Animate Armour           Summ/Erth      8%         N/A       73%         4
 Leda's Liquefaction      Hex/Erth       2%         N/A       73%         4
 Passage of Golubria      Tloc           4%         N/A       73%         4
 Sticky Flame             Conj/Fire      4%         2d3       73%         4
 Fireball                 Conj/Fire      2%         3d4       97%         5
 Iron Shot                Conj/Erth      2%         9d2       100%        6
 Starburst                Conj/Fire      2%         6d3       100%        6
 Borgnjor's Revivificati  Necr           2%         N/A       100%        8
 Ignition                 Fire           2%         3d3       100%        8
 Necromutation            Tmut/Necr      8%         N/A       100%        8
 Death's Door             Necr           2%         N/A       100%        9


Dungeon Overview and Level Annotations

Branches:
Dungeon (9/15)             Temple (0/1) D:4
   Lair: D:8-11         Orc: D:9-12

Shops:
D:1 [[[:=   D:5 [   D:9 =


Innate Abilities, Weirdness & Mutations

You are a creature of crystalline ice.
You have a powerful freezing melee attack.
You are amphibious.
Your maximum health is increased.
Your armour is entirely melded.
You are incapable of wielding weapons or throwing items.
You have an increased reservoir of magic. (+10% MP)
You shall have no god before yourself.
Your divine heritage dramatically boosts your attributes as you level up.
You are agile. (Dex +4, Str/Int -1)
Your mind is acute. (Int +4, Str/Dex -1)


Message History

No target in view!
No target in view!
A gnoll comes into view. It is wielding a +0 club.
You howl as the wereblood boils in your veins!
You hear a shout! x2
You punch the gnoll! You freeze the gnoll.
You feel a bit better.
You kill the gnoll!
No target in view!
You hear a shout!
A two-headed ogre comes into view. It is wielding two +0 giant clubs.
No reachable target in view!
Unknown command.
You howl as the wereblood boils in your veins!
You punch the two-headed ogre! You freeze the two-headed ogre.
The two-headed ogre is lightly wounded.
The two-headed ogre hits you with a +0 giant club!
The two-headed ogre hits you with a +0 giant club!!
You hit the two-headed ogre. You freeze the two-headed ogre.
The two-headed ogre is moderately wounded.
You pummel the two-headed ogre!! You freeze the two-headed ogre.
The two-headed ogre is heavily wounded.
The two-headed ogre closely misses you.
The two-headed ogre hits you with a +0 giant club!
You are too injured to fight recklessly!
You are too injured to fight recklessly!
You hit the two-headed ogre. You freeze the two-headed ogre.
The two-headed ogre is severely wounded.
The two-headed ogre hits you with a +0 giant club!
* * * LOW HITPOINT WARNING * * *
The two-headed ogre barely misses you.
Unknown command.
You punch the two-headed ogre! You freeze the two-headed ogre.
The two-headed ogre is almost dead.
Unknown command.
You hit the two-headed ogre but do no damage.
The two-headed ogre is almost dead.
The two-headed ogre hits you with a +0 giant club!
* * * LOW HITPOINT WARNING * * *
The two-headed ogre hits you with a +0 giant club!
You die...

#......##).....###.
#........)........
##.##)............
#....)...........
##.).............
##..###........... #..##
##.......... ####'####
#....~~~...
#≈§§.≈≈≈###..YO~≈≈~..
#§§...≈≈##....~≈≈≈~..
###≈§....≈#.....~~≈≈~..
##.')..∩...'......~≈~...
#..#≈....§≈#............
<..#§§...§§#..).........
...#§§≈.≈≈≈#..).........
<..####+####............
#.... ..............


You could see a two-headed ogre.

Vanquished Creatures
  Sigmund (D:3)
  2 wyverns (D:8)
  A yak (D:9)
  A water moccasin (D:7)
  An acid dragon (D:8)
  2 orc warriors
  A sky beast (D:7)
  2 black bears
  An ogre (D:7)
  2 centaurs (D:5)
  2 phantoms
  2 kobold brigands (D:8)
  A necrophage (D:6)
  A bullfrog (D:6)
  A gnoll sergeant (D:9)
  3 scorpions
  9 wights
  2 hounds
  A jelly (D:6)
  4 orc priests
  A gnoll bouda (D:9)
  Natasha (thrice) (D:2)
  9 orc wizards
  4 iguanas
  Robin (D:2)
  7 gnolls
  9 adders
  2 shadow imps
  A white imp (D:7)
  An ufetubus (D:4)
  A worm (D:2)
  A dart slug (D:4)
  34 orcs
  5 ball pythons
  2 endoplasms
  4 giant cockroaches
  6 hobgoblins
  5 jackals
  A quokka (D:5)
  8 bats
  9 frilled lizards
  14 goblins
  18 kobolds
  5 rats
191 creatures vanquished.

Vanquished Creatures (others)
  2 fungi (D:5)
  15 plants
17 creatures vanquished.

Grand Total: 208 creatures vanquished

Notes
Turn   | Place    | Note
-------+----------+-------------------------------------------
     0 | D:1      | Icepheonix32 the Demigod Transmuter began the quest for the
                  | Orb.
     0 | D:1      | Reached XP level 1. HP: 15/15 MP: 5/5
    55 | D:1      | Found Dutow Gehupt's Antique Armour Shop.
    84 | D:1      | Found Bibiapp's Antique Armour Emporium.
   123 | D:1      | Found Zeb Hog's Book Emporium.
   361 | D:1      | Found Xeeweonu's Jewellery Shoppe.
   502 | D:1      | Found Qaphiob's Armour Boutique.
   537 | D:1      | Reached skill level 3 in Unarmed Combat
   565 | D:1      | Reached XP level 2. HP: 13/22 MP: 5/7
  1113 | D:2      | Reached XP level 3. HP: 19/27 MP: 6/8
  1259 | D:2      | Noticed Natasha
  1268 | D:2      | Killed Natasha
  1269 | D:2      | Reached skill level 1 in Evocations
  1673 | D:2      | Noticed Natasha
  1679 | D:2      | Killed Natasha
  1680 | D:2      | Reached XP level 4. HP: 34/34 MP: 8/10
  1693 | D:2      | Noticed Natasha
  1704 | D:2      | Killed Natasha
  1705 | D:2      | Reached skill level 1 in Ice Magic
  1990 | D:2      | Noticed Robin
  1996 | D:2      | Killed Robin
  2244 | D:2      | Learned a level 2 spell: Wereblood
  2249 | D:2      | Learned a level 4 spell: Ice Form
  2289 | D:3      | Noticed Sigmund
  2298 | D:3      | Killed Sigmund
  2299 | D:3      | Reached skill level 1 in Fighting
  2299 | D:3      | Reached skill level 1 in Armour
  2299 | D:3      | Reached XP level 5. HP: 40/40 MP: 11/11
  2805 | D:3      | Reached XP level 6. HP: 47/47 MP: 7/12
  2817 | D:3      | Reached skill level 4 in Unarmed Combat
  3731 | D:4      | Reached XP level 7. HP: 26/52 MP: 7/14
  4073 | D:4      | Found a staircase to the Ecumenical Temple.
  4518 | D:5      | Entered Level 5 of the Dungeon
  4741 | D:5      | Found Leomucynui's Armour Emporium.
  4893 | D:1      | Bought a ring of ice for 325 gold pieces
  5255 | D:5      | Reached XP level 8. HP: 41/59 MP: 7/15
  5807 | D:5      | Gained mutation: Your mind is acute. (Int +4, Str/Dex -1)
                  | [potion of mutation]
  5807 | D:5      | Gained mutation: You are agile. (Dex +4, Str/Int -1)
                  | [potion of mutation]
  5863 | D:6      | Reached skill level 5 in Unarmed Combat
  5945 | D:6      | Reached skill level 1 in Shields
  6517 | D:6      | Learned a level 5 spell: Blade Hands
  6608 | D:7      | HP: 3/70 [orc warrior/silver boomerang (9)]
  6894 | D:7      | Identified the +9 mace of Yhaatuo {protect, rC- rN+++
                  | Int+7}
  7704 | D:7      | Reached skill level 5 in Transmutations
  7797 | D:8      | Reached XP level 9. HP: 55/67 MP: 10/17
  8355 | D:8      | Learned a level 3 spell: Frozen Ramparts
  8703 | D:9      | Found Xenenn's Jewellery Emporium.
  8709 | D:9      | Reached skill level 6 in Unarmed Combat
  8845 | D:9      | Noticed a two-headed ogre
  8857 | D:9      | Slain by a two-headed ogre

Illustrated notes

Levels and vault maps discovered:
D:1:      co_arrival_square_in_a_square_in_a_square, layout_basic, serial_glass,
          glass_columns_c, glass_columns_a, serial_shops, nicolae_shop_stone,
          nicolae_lakefront_shop, nicolae_shop_temple_entry_statues_fountains,
          nicolae_square_shop, shop, kennysheep_minor_cross, minmay_pentomino_w4
D:2:      layout_loops_ring, uniq_natasha, uniq_robin
D:3:      layout_basic, mainiacjoe_overflow_boulevard,
          ebering_ecumenical_altar_rust, minmay_divided_ellipse, uniq_sigmund
D:4:      layout_loops_ring, kennysheep_little_box, minmay_temple_entry_poolview
D:5:      layout_basic, grunt_temple_overflow_forces_of_nature,
          nicolae_wu_jian_wuxing_cycle, general_overflow_altar,
          nicolae_stop_n_shop_2
D:6:      layout_basic, old_standard_altar, nicolae_overflow_crystal_walls
D:7:      layout_loops_ring, nemelex_dance_club_becter,
          amethyst_overflow_temple_binary
D:8:      layout_loops_ring, nicolae_ru_great_annihilating_truth
D:9:      layout_big_octagon, nicolae_elyvilon_temple_path, serial_gnoll_camp,
          gnoll_camp_mini_doghouse, gnoll_camp_huts_basic, gnoll_camp_mini_shop,
          gnoll_camp_mini_shop, gnoll_camp_mini_hut, gnoll_camp_mini_loothouse,
          grunt_ministairs_1, kennysheep_small_square

Skill      XL: |  1  2  3  4  5  6  7  8  9 |
---------------+----------------------------+-----
Transmutations | 2 3 4 5 |  5.5
Unarmed Combat | 3 4 5 6 |  6.2
Dodging        | 2 3 |  3.5
Spellcasting   | 2 3 4 |  4.0
Evocations     | 1 2 3 4 |  4.5
Ice Magic      | 1 2 3 4 |  4.7
Fighting       | 1 2 |  2.1
Armour         | 1 2 3 4 |  4.5
Shields        | 1 |  1.8
Staves         | |  0.4
Throwing       | |  0.1
Stealth        | |  0.5

Action                   |  1- 3 |  4- 6 |  7- 9 || total
-------------------------+-------+-------+-------++-------
Melee: Unarmed           |    92 |   143 |   230 ||   465
       Kick              |    15 |    33 |    29 ||    77
       Punch             |     4 |     4 |     1 ||     9
       Headbutt          |     2 |    19 |    22 ||    43
       Staff             |       |       |    62 ||    62
       Mace              |       |       |     7 ||     7
Throw: Dart              |     1 |     1 |     1 ||     3
 Cast: Beastly Appendage |    22 |    23 |    19 ||    64
       Wereblood         |       |     4 |     8 ||    12
       Ice Form          |       |       |    19 ||    19
  Use: Potion            |     3 |     1 |     9 ||    13
       Scroll            |     2 |     2 |     7 ||    11
 Stab: Paralysed         |       |       |     1 ||     1
Armor: Robe              |    32 |       |     6 ||    38
       Leather armour    |       |    29 |     9 ||    38
       Skin              |       |     1 |    57 ||    58
Dodge: Dodged            |    67 |    73 |   141 ||   281
Block: Other             |       |       |    36 ||    36
       Reflection        |       |       |     4 ||     4
